 Dungeon Crawl Stone Soup version 0.23-a0-359-g9beedce (webtiles) character file.

947 nixmar the Cleaver (level 8, -2/75 HPs)
             Began as a Hill Orc Fighter on Oct 23, 2018.
             Was a Follower of Okawaru.
             Slain by Harold
             ... wielding a +0 battleaxe
              (18 damage)
             ... on level 7 of the Dungeon.
             The game lasted 00:16:55 (5761 turns).

nixmar the Cleaver (Hill Orc Fighter)               Turns: 5761, Time: 00:16:55

Health: -2/75      AC:  8    Str: 20 (21) XL:     8   Next: 13%
Magic:  6/8        EV: 10    Int:  7 (8)  God:    Okawaru [*.....]
Gold:   294        SH: 11    Dex:  8 (10) Spells: 7/7 levels left

rFire    . . .     SeeInvis .   a - +1 war axe
rCold    . . .     Gourm    +   c - +0 shield
rNeg     . . .     Faith    .   b - +0 scale mail
rPois    +         Spirit   .   (no helmet)
rElec    .         Reflect  .   (no cloak)
rCorr    .         Harm     .   (no gloves)
MR       .....                  (no boots)
Stlth    +.........             s - amulet of the gourmand
HPRegen  0.22/turn              o - ring of poison resistance
MPRegen  0.11/turn              (no ring)

@: heroism
A: no striking features
a: Heroism, Renounce Religion


You were on level 7 of the Dungeon.
You worshipped Okawaru.
Okawaru was aware of your devotion.
You were very full.

You visited 1 branch of the dungeon, and saw 7 of its levels.

You collected 294 gold pieces.

Inventory:

Hand Weapons
 a - a +1 war axe (weapon)
Armour
 b - a +0 scale mail (worn)
 c - a +0 shield (worn)
 S - a +0 cloak
Jewellery
 o - a ring of poison resistance (left hand)
 s - an amulet of the gourmand (around neck)
 R - a cursed amulet of inaccuracy {unknown}
Wands
 X - a wand of flame (20)
Scrolls
 r - 3 scrolls of fear
 P - a scroll of magic mapping
 T - 3 scrolls of teleportation {!r, @r2}
 Y - 2 scrolls of amnesia
Potions
 d - 2 potions of might {@q4}
 Q - a potion of curing {@q1}
 U - 4 potions of heal wounds
 W - 3 potions of haste
 Z - a potion of agility
Comestibles
 e - 11 rations


   Skills:
 + Level 8.3(13.3) Fighting
 + Level 9.0(14.0) Axes
 - Level 3.2(8.2) Armour
 - Level 3.2(8.2) Shields


You had 7 spell levels left.
You didn't know any spells.
Your spell library contained the following spells:

 Spells                   Type           Power        Failure   Level  Hunger
 Flame Tongue             Conj/Fire      #....        95%         1    ##.....
 Throw Flame              Conj/Fire      #.....       99%         2    ###....
 Conjure Flame            Conj/Fire      #.......     100%        3    ####...
 Inner Flame              Hex/Fire       #.......     100%        3    ####...
 Sticky Flame             Conj/Fire      #.......     100%        4    #####..
 Fireball                 Conj/Fire      #.........   100%        5    ######.


Dungeon Overview and Level Annotations

Branches:
Dungeon (7/15)             Temple (0/1) D:4

Altars:
Cheibriados
Dithmenos
Okawaru
Ru
Sif Muna
Xom

Annotations:
D:7 Harold


Message History

You destroy the adder zombie!
Okawaru accepts your kill.
You closely miss the leopard gecko. You block the leopard gecko's attack.
You closely miss the leopard gecko.
The leopard gecko bites you but does no damage.
You slash the leopard gecko!
You kill the leopard gecko!
Okawaru accepts your kill.
No target in view!
You butcher the leopard gecko corpse.
Z - a chunk of flesh You see here a leopard gecko skeleton. x2
Eating a chunk of flesh.
You eat the chunk of flesh.
This raw flesh tastes great.
You pick up a book of Flames and begin reading...
You add the spells Flame Tongue, Throw Flame, Conjure Flame, Inner Flame,
Okay, then.
Found a stone staircase leading down.
Z - a potion of agility
Found a stone staircase leading down.
Found a stone staircase leading up.
A jackal zombie comes into view.
A quokka comes into view.
You hit the jackal zombie.
The jackal zombie is lightly damaged.
The jackal zombie bites you but does no damage.
You barely miss the jackal zombie.
The jackal zombie is lightly damaged.
The jackal zombie closely misses you.
You hit the jackal zombie.
The jackal zombie is severely damaged.
The jackal zombie barely misses you.
You slash the jackal zombie!
You destroy the jackal zombie!
Okawaru accepts your kill.
You miss the quokka.
The quokka bites you but does no damage.
The quokka bites you.
You barely miss the quokka. You block the quokka's attack.
You closely miss the quokka.
The quokka twitches its whiskers.
The quokka barely misses you.
You hit the quokka but do no damage. The quokka barely misses you.
The quokka bites you but does no damage.
You miss the quokka. You block the quokka's attack.
You miss the quokka. The quokka bites you.
You slash the quokka!
You kill the quokka!
Okawaru accepts your kill.
No target in view!
HP restored.
You now have 287 gold pieces (gained 19).
You now have 294 gold pieces (gained 7).
Harold the Weathered comes into view.
He is wielding a +0 battleaxe.
Harold shouts!
Harold throws a throwing net.
You block the throwing net.
You see here a throwing net.
Harold casts a spell at you.
You barely resist. Harold hits you with a +0 battleaxe!
You slash Harold!
Harold is lightly wounded.
You hit Harold.
Harold is moderately wounded.
Harold hits you but does no damage.
You slash Harold!
Harold is heavily wounded.
Harold hits you with a +0 battleaxe!
You barely miss Harold.
Harold is heavily wounded.
Harold hits you with a +0 battleaxe!
You are too injured to fight recklessly!
You gain the combat prowess of a mighty hero.
Harold hits you with a +0 battleaxe!!
* * * LOW HITPOINT WARNING * * *
You are too injured to fight recklessly!
You are too injured to fight recklessly!
You slash Harold!
Harold is heavily wounded.
Harold hits you but does no damage.
You closely miss Harold.
Harold is heavily wounded.
You hit Harold.
Harold is heavily wounded.
Harold hits you with a +0 battleaxe!
* * * LOW HITPOINT WARNING * * *
You hit Harold.
Harold is heavily wounded.
You feel much better. Harold hits you with a +0 battleaxe!
* * * LOW HITPOINT WARNING * * *
You barely miss Harold.
Harold is heavily wounded.
Harold hits you with a +0 battleaxe.
* * * LOW HITPOINT WARNING * * *
You closely miss Harold.
Harold is heavily wounded.
You hit Harold.
Harold is severely wounded.
Harold hits you with a +0 battleaxe!!
You die...

. ...
....█████████
.
............█
.
......@@....██
..
...██████(...█
... ██...█
....
██..██████..
.....
█..........
.........
██..........
.........
█...........
.........
█...........
.........
██...........


You could see Harold.

Vanquished Creatures
  3 ice beasts
  A centaur (D:5)
  A bullfrog (D:6)
  A howler monkey (D:4)
  A crimson imp (D:6)
  A hound (D:5)
  A bullfrog skeleton (D:4)
  2 orc priests
  4 orc wizards
  A worker ant (D:6)
  A hound zombie (D:5)
  A worker ant zombie (D:6)
  3 howler monkey skeletons
  4 adders
  An adder zombie (D:7)
  2 adder skeletons (D:4)
  4 worms
  8 leopard geckos
  11 orcs
  12 bats
  2 giant cockroaches
  4 goblins
  5 hobgoblins
  8 jackals
  A quokka (D:7)
  2 ball pythons
  6 frilled lizards
  A jackal zombie (D:7)
  4 kobolds
  A quokka zombie (D:5)
  2 rats
99 creatures vanquished.

Vanquished Creatures (others)
  A worker ant (D:4)
  A leopard gecko (D:4)
  An orc (D:4)
  A quokka (D:4)
4 creatures vanquished.

Grand Total: 103 creatures vanquished

Notes
Turn   | Place    | Note
-------+----------+-------------------------------------------
     0 | D:1      | nixmar the Hill Orc Fighter began the quest for the Orb.
     0 | D:1      | Reached XP level 1. HP: 19/19 MP: 1/1
    22 | D:1      | Reached skill level 3 in Axes
    31 | D:1      | Reached XP level 2. HP: 23/27 MP: 2/2
   382 | D:1      | Found a snail-covered altar of Cheibriados.
   519 | D:1      | Reached skill level 4 in Axes
   601 | D:1      | Reached XP level 3. HP: 29/33 MP: 3/3
  1433 | D:3      | Reached XP level 4. HP: 17/41 MP: 4/4
  1875 | D:2      | Reached skill level 5 in Axes
  2014 | D:3      | Reached skill level 5 in Fighting
  2014 | D:3      | Reached XP level 5. HP: 23/48 MP: 5/5
  2227 | D:3      | Found an iron altar of Okawaru.
  2238 | D:3      | Became a worshipper of Warmaster Okawaru
  2478 | D:4      | Noticed an ice beast
  2486 | D:4      | Killed an ice beast
  2486 | D:4      | Reached skill level 6 in Axes
  2486 | D:4      | Reached XP level 6. HP: 42/57 MP: 6/6
  2704 | D:4      | Found a shimmering altar of Xom.
  2880 | D:4      | Reached * piety under Okawaru
  2889 | D:4      | Reached skill level 7 in Axes
  3139 | D:4      | Found a staircase to the Ecumenical Temple.
  3359 | D:5      | Entered Level 5 of the Dungeon
  3417 | D:5      | Reached XP level 7. HP: 53/64 MP: 7/7
  3531 | D:5      | Found a shadowy altar of Dithmenos.
  4069 | D:5      | Reached skill level 8 in Axes
  4355 | D:6      | Found a deep blue altar of Sif Muna.
  4839 | D:6      | Found a shadowy altar of Dithmenos.
  4945 | D:6      | Reached XP level 8. HP: 59/74 MP: 8/8
  5250 | D:6      | Reached skill level 9 in Axes
  5333 | D:6      | Found a sacrificial altar of Ru.
  5746 | D:7      | Noticed Harold
  5761 | D:7      | Slain by Harold

Vault maps used:
D:1:      roderic_chinese_lattice_arrival, cheibriados_altar_1
D:2:      first_ration
D:3:      okawaru_gym_becter
D:4:      minmay_opposing_rooms, xom_confusion_cloud, minmay_temple_entry_grid
D:5:      basic_altar
D:6:      old_standard_altar, marbit_many_paths,
          grunt_dithmenos_smoke_and_mirrors
D:7:      minmay_overflow_temple_star_quad, uniq_harold

Skill      XL: |  1  2  3  4  5  6  7  8 |
---------------+-------------------------+-----
Axes           | 3 4 5 6 7 8 9 |  9.0
Fighting       | 4 5 6 8 |  8.3
Armour         | |  3.2
Shields        | |  3.2

Action                   |  1- 3 |  4- 6 |  7- 9 || total
-------------------------+-------+-------+-------++-------
Melee: War axe           |   119 |   131 |   124 ||   374
Invok: Heroism           |       |       |     1 ||     1
  Use: Scroll            |     4 |     4 |     7 ||    15
       Potion            |     2 |       |     4 ||     6
  Eat: Ration            |     1 |       |       ||     1
       Chunk             |       |    13 |     7 ||    20
Armor: Scale mail        |    45 |    42 |    41 ||   128
Dodge: Dodged            |    42 |    50 |    36 ||   128
Block: Shield            |    62 |    56 |    54 ||   172

Table legend:
 A = Non-vault XP
 B = Vault XP
 C = Vault XP percentage of total XP
 D = Non-vault monster count
 E = Vault monster count
 F = Vault count percentage of total count
                 A         B        C        D         E       F
            +---------+---------+-------+---------+---------+-------
      Total |    1032 |     321 |  23.7 |      88 |      11 |  11.1
            +---------+---------+-------+---------+---------+-------
        D:1 |      35 |       0 |   0.0 |      21 |       0 |   0.0
        D:2 |      67 |       0 |   0.0 |      16 |       0 |   0.0
        D:3 |      89 |       0 |   0.0 |      15 |       0 |   0.0
        D:4 |      35 |     318 |  90.1 |       8 |      10 |  55.6
        D:5 |     411 |       0 |   0.0 |      15 |       0 |   0.0
        D:6 |     383 |       3 |   0.8 |       9 |       1 |  10.0
        D:7 |      12 |       0 |   0.0 |       4 |       0 |   0.0
            +---------+---------+-------+---------+---------+-------

Vault maps used:
D:1:      roderic_chinese_lattice_arrival, cheibriados_altar_1
D:2:      first_ration
D:3:      okawaru_gym_becter
D:4:      minmay_opposing_rooms, xom_confusion_cloud, minmay_temple_entry_grid
D:5:      basic_altar
D:6:      old_standard_altar, marbit_many_paths,
          grunt_dithmenos_smoke_and_mirrors
D:7:      minmay_overflow_temple_star_quad, uniq_harold
